 Dungeon Crawl Stone Soup version 0.30.1-4-g462c640d31 (webtiles) character file.

Game seed: 8972905777712950032

8367 Demigod47 the Basher (level 11, -2/97 HPs)
             Began as a Minotaur Fighter on Aug 21, 2023.
             Was an Elder of Okawaru.
             Slain by a jumping spider (4 damage)
             ... on level 1 of the Spider Nest.
             The game lasted 00:28:54 (9483 turns).

Demigod47 the Basher (Minotaur Fighter)             Turns: 9483, Time: 00:28:54

Health: -2/97      AC: 14    Str: 24    XL:     11   Next: 9%
Magic:  4/10       EV:  4    Int:  5    God:    Okawaru [****..]
Gold:   620        SH:  0    Dex: 11    Spells: 10/10 levels left

rFire   + . .        y - +4 flail (holy)
rCold   . . .        c - +0 buckler
rNeg    + . .        N - +1 plate armour
rPois   .            (helmet restricted)
rElec   .            F - +0 cloak
rCorr   .            p - +2 pair of gloves
SInv    .            w - +0 pair of boots "Ziev" {rF+}
Will    .....        J - amulet of the acrobat Stlth
                     m - ring of positive energy
HPRegen 0.36/turn    (no ring)
MPRegen 0.12/turn

%: acrobat
@: corroded, held
A: horns 2, retaliatory headbutt
a: Renounce Religion, Heroism, Finesse


You were on level 1 of the Spider Nest.
You worshipped Okawaru.
Okawaru was greatly pleased with you.
You visited 4 branches of the dungeon, and saw 12 of its levels.
You also visited: Bailey.

You collected 620 gold pieces.

Inventory:

Hand Weapons
 h - a +0 antimagic short sword
 y - a +4 flail of holy wrath (weapon)
 I - the +11 spear of the Brain {protect, rElec rPois Dex-4}
   (You took it off an orc wizard on level 8 of the Dungeon)

   Dex:       It affects your dexterity (-4).
   rElec:     It insulates you from electricity.
   rPois:     It protects you from poison.
Missiles
 n - 7 javelins (quivered)
Armour
 a - +0 acid dragon scales
 b - a +0 scale mail
 c - a +0 buckler (worn)
 o - a +0 chain mail
 p - a +2 pair of gloves (worn)
 w - the +0 pair of boots "Ziev" (worn) {rF+}
   (You found it on level 6 of the Dungeon)

   rF:        It protects you from fire.
 F - a +0 cloak (worn)
 N - a +1 plate armour (worn)
Jewellery
 m - a ring of positive energy (left hand)
 E - a ring of wizardry
 J - an amulet of the acrobat (around neck)
 M - a ring of ice
Wands
 i - a wand of charming (18)
 s - a wand of digging (6)
 C - a wand of roots (5)
 H - a wand of flame (25)
Scrolls
 d - a scroll of vulnerability
 g - 3 scrolls of blinking
 r - 2 scrolls of poison
 t - a scroll of immolation
 u - a scroll of fog
 z - a scroll of butterflies
 D - a scroll of torment
 K - a scroll of teleportation {unknown}
Potions
 e - 3 potions of magic
 f - 3 potions of berserk rage {unknown}
 j - 2 potions of heal wounds {unknown}
 k - 3 potions of attraction
 l - 2 potions of cancellation
 q - a potion of mutation {unknown}
 v - 2 potions of lignification
 x - 3 potions of ambrosia
 A - 2 potions of brilliance {unknown}
 B - a potion of flight


   Skills:
 + Level 9.4 Fighting
 + Level 13.1 Maces & Flails
 + Level 11.1 Armour
 + Level 4.3 Dodging
 - Level 0.5 Stealth
 + Level 7.8 Shields


You had 10 spell levels left.
You didn't know any spells.
Your spell library contained the following spells:

 Spells                   Type           Power      Damage    Failure   Level
 Shock                    Conj/Air       0%         1d3       100%        1
 Slow                     Hex            0%         N/A       100%        1
 Lesser Beckoning         Tloc           0%         N/A       100%        2
 Confusing Touch          Hex            0%         N/A       100%        3
 Gell's Gravitas          Tloc           0%         N/A       100%        3
 Ozocubu's Armour         Ice            0%         N/A       100%        3
 Swiftness                Air            0%         N/A       100%        3
 Teleport Other           Tloc           0%         N/A       100%        3
 Vampiric Draining        Necr           0%         2d6       100%        3
 Airstrike                Air            0%         2d(0-16)  100%        4
 Ozocubu's Refrigeration  Ice            0%         4d7       100%        7


Dungeon Overview and Level Annotations

Branches:
Dungeon (8/15)             Temple (1/1) D:7            Lair (2/5) D:8
 Spider (1/4) Lair:2       Bailey (visited)
  Swamp: Lair:2-3    Shoals: Lair:2-3

Altars:
Ashenzari
Cheibriados
Dithmenos
Elyvilon
Fedhas
Gozag
Hepliaklqana
Kikubaaqudgha
Okawaru
Qazlal
Sif Muna
Trog
Uskayaw
Wu Jian
Xom
Yredelemnul
Zin
The Shining One


Innate Abilities, Weirdness & Mutations

You have a pair of horns on your head.
You reflexively headbutt those who attack you in melee.


Message History

The jumping spider leaps!
The entropy weaver gestures at you while chanting.
The entropic weave corrodes you!
You barely miss the jumping spider.
The jumping spider pounces on you but does no damage.
The jumping spider bites you but does no damage.
You hit the jumping spider.
Your headbutt misses the jumping spider.
The jumping spider is lightly wounded.
You hit the jumping spider but do no damage.
The jumping spider is lightly wounded.
The jumping spider pounces on you.
* * * LOW HITPOINT WARNING * * *
The jumping spider bites you but does no damage.
You hit the jumping spider but do no damage.
Your headbutt misses the jumping spider.
The jumping spider is lightly wounded.
You hit the jumping spider but do no damage.
You headbutt the jumping spider!
The jumping spider is moderately wounded.
The jumping spider pounces on you.
* * * LOW HITPOINT WARNING * * *
The jumping spider barely misses you.
You hit the jumping spider. You headbutt the jumping spider.
The jumping spider is heavily wounded.
You hit the jumping spider but do no damage.
You headbutt the jumping spider.
The jumping spider is heavily wounded.
Your hands slow down.
You block the wolf spider's attack.
The wolf spider bites you but does no damage.
The jumping spider pounces on you.
* * * LOW HITPOINT WARNING * * *
You are caught in a web!
The jumping spider barely misses you.
You struggle to detach yourself from the web.
You feel like a meek peon again. The jumping spider pounces on you!
* * * LOW HITPOINT WARNING * * *
The jumping spider bites you.
You die...

.... ...
..#### #....
.... ..##
#ss####
##@.##.#
#.s.#..##
.#....B<.###
.....^...#.#
..###.s#...#
##. ##....##
## ##...#
#...## #...#


You could see an entropy weaver, a wolf spider, a culicivora, a jumping spider
and a redback.

Vanquished Creatures
  Urug (Lair:1)
  6 cane toads
  A komodo dragon (Lair:1)
  Psyche (D:8)
  A polar bear (Lair:1)
  A jumping spider (Spider:1)
  5 yaks (Lair:1)
  Sigmund (D:4)
  A redback (Spider:1)
  An acid dragon (D:8)
  3 wargs (D:8)
  5 water moccasins
  Edmund (D:4)
  An ice beast (D:7)
  3 ogres
  A black bear (D:4)
  8 wolves
  A centaur (D:8)
  A kobold brigand (D:6)
  2 bullfrogs
  4 scorpions
  5 gnoll sergeants
  4 wights (D:4)
  3 orc priests (D:8)
  A jelly (D:4)
  Crazy Yiuf (D:6)
  5 hounds
  An iguana (D:5)
  9 orc wizards
  6 hell rats (Lair:1)
  Robin (D:2)
  15 gnolls
  9 adders
  A white imp (D:8)
  2 worms
  2 dart slugs
  20 orcs
  5 endoplasms
  5 giant cockroaches
  21 goblins
  11 hobgoblins
  6 quokkas
  13 ball pythons
  3 bats
  2 frilled lizards
  13 kobolds
  8 rats
221 creatures vanquished.

Notes
Turn   | Place    | Note
-------+----------+-------------------------------------------
     0 | D:1      | Demigod47 the Minotaur Fighter began the quest for the Orb.
     0 | D:1      | Reached XP level 1. HP: 19/19 MP: 0/0
   254 | D:1      | Reached XP level 2. HP: 27/27 MP: 1/1
   425 | D:1      | Found a faded altar of an unknown god.
   783 | D:2      | Reached XP level 3. HP: 33/33 MP: 2/2
   931 | D:2      | Noticed Robin
   938 | D:2      | Reached skill level 3 in Maces & Flails
   957 | D:2      | Killed Robin
   958 | D:2      | Reached XP level 4. HP: 15/41 MP: 3/3
  1260 | D:2      | You fall into a shaft and drop 1 floor!
  1530 | D:3      | Found a shimmering blue altar of Sif Muna.
  1607 | D:3      | Reached skill level 1 in Dodging
  2183 | D:4      | Noticed Sigmund
  2215 | D:3      | Reached XP level 5. HP: 36/47 MP: 4/4
  2268 | D:4      | Reached skill level 4 in Maces & Flails
  2335 | D:4      | Killed Sigmund
  2336 | D:4      | Reached skill level 5 in Armour
  2336 | D:4      | Reached XP level 6. HP: 55/55 MP: 5/5
  2471 | D:4      | Reached skill level 5 in Maces & Flails
  2610 | D:4      | Noticed Edmund
  2624 | D:4      | Killed Edmund
  2625 | D:4      | Reached skill level 5 in Fighting
  2936 | D:4      | Reached XP level 7. HP: 53/61 MP: 6/6
  2941 | D:4      | Reached skill level 6 in Maces & Flails
  3383 | D:5      | Entered Level 5 of the Dungeon
  3412 | D:5      | Reached skill level 7 in Maces & Flails
  3412 | D:5      | Reached skill level 5 in Shields
  3480 | D:5      | Reached XP level 8. HP: 52/70 MP: 7/7
  3944 | D:5      | Found a sand-covered staircase.
  4433 | D:6      | Found a runed translucent door.
  4434 | D:6      | Noticed Crazy Yiuf
  4538 | D:6      | Reached skill level 8 in Maces & Flails
  4915 | D:6      | Identified the +0 pair of boots "Ziev" {rF+}
  5158 | D:6      | Noticed a moth of wrath
  5162 | D:6      | Found a bloodstained altar of Trog.
  5484 | D:6      | Killed Crazy Yiuf
  5772 | D:7      | Reached skill level 9 in Maces & Flails
  5908 | D:7      | Found a staircase to the Ecumenical Temple.
  5916 | Temple   | Entered the Ecumenical Temple
  5993 | D:7      | Reached XP level 9. HP: 78/78 MP: 8/8
  6383 | D:8      | Found an iron altar of Okawaru.
  6401 | D:8      | Noticed Psyche
  6408 | D:8      | Killed Psyche
  6414 | D:8      | Identified the +5 falchion of Eternal Vigilance {spect,
                  | *Corrode rPois rC+ Dex+8}
  6428 | D:8      | Became a worshipper of Warmaster Okawaru
  6446 | D:8      | Identified the +8 halberd of the Vaults {spect, rC+ Will-
                  | Str+3}
  6469 | D:8      | Found a flagged portal.
  6488 | Bailey   | Entered a bailey
  6674 | D:8      | Reached skill level 10 in Maces & Flails
  6680 | D:8      | Identified the +11 spear of the Brain {protect, rElec rPois
                  | Dex-4}
  6720 | D:8      | Reached * piety under Okawaru
  6834 | D:8      | Found a staircase to the Lair.
  7316 | D:8      | Found a shadowy altar of Dithmenos.
  7366 | D:8      | Reached skill level 11 in Maces & Flails
  7605 | Lair:1   | Entered Level 1 of the Lair of Beasts
  7649 | Lair:1   | Reached ** piety under Okawaru
  7650 | Lair:1   | Reached XP level 10. HP: 74/88 MP: 9/9
  7757 | Lair:1   | Noticed a cane toad
  7769 | Lair:1   | Killed a cane toad
  7770 | Lair:1   | Reached skill level 10 in Armour
  7953 | Lair:1   | Noticed a cane toad
  7955 | Lair:1   | Noticed Urug
  7957 | Lair:1   | Noticed a cane toad
  7972 | Lair:1   | Killed Urug
  7972 | Lair:1   | Reached *** piety under Okawaru
  7980 | Lair:1   | Killed a cane toad
  7981 | Lair:1   | Reached skill level 12 in Maces & Flails
  7984 | Lair:1   | Killed a cane toad
  7992 | Lair:1   | Noticed a cane toad
  8002 | Lair:1   | Killed a cane toad
  8002 | Lair:1   | Reached **** piety under Okawaru
  8323 | Lair:1   | Noticed a cane toad
  8336 | Lair:1   | Killed a cane toad
  8707 | Lair:2   | Identified the staff of cold "Xoajelun" {rC+ rN+}
  8761 | Lair:2   | Found a hole to the Spider Nest.
  8846 | Lair:2   | Noticed a cane toad
  8858 | Lair:2   | Killed a cane toad
  8859 | Lair:2   | Reached XP level 11. HP: 52/97 MP: 10/10
  8861 | Lair:2   | Reached skill level 13 in Maces & Flails
  9442 | Spider:1 | Entered Level 1 of the Spider Nest
  9449 | Spider:1 | Noticed an entropy weaver
  9461 | Spider:1 | Reached ***** piety under Okawaru
  9475 | Spider:1 | Noticed a wolf spider
  9483 | Spider:1 | HP: 2/97 [jumping spider (9)]
  9483 | Spider:1 | Slain by a jumping spider

Illustrated notes

Levels and vault maps discovered:
D:1:      wander_arrival_chamber, layout_rooms, shapermc_ecumenical_altar_petra,
          minmay_gold_behind_fungi
D:2:      layout_basic, uniq_robin
D:3:      layout_basic, nicolae_sif_muna_condensation
D:4:      black_bear_nest_2, layout_layer_cave, uniq_edmund, uniq_sigmund
D:5:      layout_loops_ring, nicolae_ossuary_entry_false_entrances
D:6:      layout_basic, tgw_trog, uniq_crazy_yiuf_cottage
D:7:      layout_basic, temple_green
D:8:      layout_loops_ring, lemuel_tele_altar, okawaru_ov_weapons_minmay,
          erik_lair_orcish_takeover, enter_bailey_3, nicolae_grassy_gnolls,
          uniq_psyche
Temple:   eino_temple_lava
Lair:1:   layout_concentric_octagons, beast_lair_carwin_11, uniq_urug
Lair:2:   layout_hall_layers, spider_nest_entry_web_field
Spider:1: layout_spider_delve

Skill      XL: |  1  2  3  4  5  6  7  8  9 10 11 |
---------------+----------------------------------+-----
Shields        | 4 5 6 7 |  7.8
Fighting       | 4 5 6 8 9 |  9.4
Armour         | 4 5 6 7 9 11 | 11.1
Maces & Flails | 3 4 5 7 9 11 12 13 | 13.1
Dodging        | 1 2 3 4 |  4.3
Stealth        | |  0.5

Action                     |  1- 3 |  4- 6 |  7- 9 | 10-12 || total
---------------------------+-------+-------+-------+-------++-------
  Melee: Flail             |    90 |   120 |   310 |   135 ||   655
         Headbutt          |     8 |    18 |    49 |    28 ||   103
 Invoke: Heroism           |       |       |       |     1 ||     1
         Finesse           |       |       |       |     1 ||     1
    Use: Potion            |       |     6 |     1 |     2 ||     9
         Scroll            |       |       |    12 |     5 ||    17
   Stab: Invisible         |       |     2 |       |       ||     2
 Armour: Scale mail        |    20 |       |       |       ||    20
         Chain mail        |    55 |    75 |   210 |    32 ||   372
         Skin              |       |    11 |       |       ||    11
         Plate armour      |       |       |       |    57 ||    57
  Dodge: Dodged            |    59 |    52 |   133 |    91 ||   335
  Block: Buckler           |    27 |    34 |    91 |    48 ||   200
